Map: Beckett Industries LE

Players

ViBE

  • Race: Terran Terran
  • League: Diamond

Guillermo - Winner!

  • Race: Protoss Protoss
  • League: Platinum

VOD

Have the link to the VOD?

Description

Time

  • Played on: April 7, 2021, 7:57 p.m.
  • Length: 16:12
Show
View Real Time Build Order
Export as new Build Order

ViBE Terran 

Build Orders:  

Get SALT Encoding   

  12  0:02  SCV  
  13  0:14  SCV  
  13  0:19  Supply Depot  
  14  0:26  SCV  
  15  0:40  SCV  
  15  0:41  Barracks  
  16  0:52  SCV  
  17  1:07  SCV  
  18  1:19  SCV  
  18  1:20  Refinery  
  19  1:32  Orbital Command  
  19  1:35  Marine  
  20  1:40  Command Center  
  20  1:56  Marine  
  20  1:57  Supply Depot, SCV  
  22  2:09  SCV  
  23  2:18  Marine  
  23  2:22  SCV  
  25  2:26  Factory  
  25  2:34  SCV  
  26  2:38  Marine  
  27  2:46  SCV  
  27  2:50  Refinery  
  28  2:56  SCV  
  28  3:06  SCV  
  28  3:07  Barracks Reactor  
  28  3:11  Orbital Command  
  29  3:16  Supply Depot  
  29  3:18  SCV, Factory Tech Lab  
  30  3:20  Barracks  
  30  3:30  SCV  
  31  3:36  SCV  
  31  3:40  Supply Depot  
  32  3:42  Siege Tank, SCV  
  32  3:45  Marine x2  
  38  3:48  SCV  
  38  3:54  SCV  
  40  4:00  SCV  
  41  4:03  Supply Depot  
  41  4:05  Marine  
  41  4:06  Marine  
  41  4:07  SCV  
  42  4:18  Siege Tank  
  42  4:19  Barracks Tech Lab  
  42  4:22  SCV x2  
  42  4:23  Marine x2  
  49  4:25  Supply Depot  
  49  4:26  Supply Depot  
  49  4:30  Starport  
  49  4:34  SCV x2  
  49  4:37  Command Center  
  51  4:46  Supply Depot  
  51  4:47  Marine x2, SCV x2  
  53  4:59  SCV x2  
  55  5:00  Marine  
  55  5:01  Supply Depot  
  55  5:03  Stimpack  
  55  5:04  Marine x2  
  58  5:08  Starport Reactor  
  58  5:11  SCV x2  
  60  5:19  Marine  
  61  5:22  Marine x2, Siege Tank  
  61  5:23  SCV x2  
  61  5:25  Supply Depot  
  68  5:29  Refinery x2  
  68  5:35  SCV x2  
  70  5:44  Engineering Bay x2  
  70  5:47  Supply Depot, SCV  
  70  5:48  SCV  
  70  5:49  Marine x3  
  75  5:50  Medivac x2  
  75  5:51  Orbital Command  
  79  6:00  SCV  
  80  6:06  SCV  
  80  6:07  Marine x3  
  80  6:10  Supply Depot  
  84  6:11  Terran Infantry Armor Level 1, Terran Infantry Weapons Level 1  
  84  6:12  SCV  
  85  6:18  SCV  
  85  6:24  Armory, SCV  
  85  6:25  Marine x3  
  89  6:32  SCV  
  91  6:34  Supply Depot  
  91  6:36  SCV  
  92  6:42  Combat Shield, Orbital Command  
  92  6:44  SCV  
  93  6:47  Marine x3  
  93  6:48  SCV  
  97  6:56  SCV  
  97  7:00  SCV  
  96  7:10  SCV x2  
  96  7:12  SCV  
  99  7:17  Marine x3  
  99  7:18  Thor  
  99  7:19  Medivac x2  
  112  7:23  Barracks  
  112  7:24  Barracks  
  112  7:26  Terran Vehicle Weapons Level 1, Barracks x2  
  112  7:32  SCV x2  
  112  7:33  SCV  
  115  7:37  Supply Depot x2  
  116  7:44  SCV x2  
  116  7:48  Command Center  
  110  7:58  SCV x3  
  90  8:00  Marine x2  
  79  8:10  SCV x2  
  76  8:15  Barracks Reactor  
  76  8:16  Barracks Reactor x3  
  76  8:17  Marine  
  76  8:18  Marine x2  
  77  8:22  SCV x2  
  77  8:23  Terran Infantry Weapons Level 2  
  79  8:28  Terran Infantry Armor Level 2  
  79  8:36  Marine x3  
  82  8:42  SCV x2  
  82  8:45  Thor  
  90  8:53  Marine x3  
  90  8:54  Marine, SCV x2  
  96  8:56  Marine  
  96  8:59  Marine x2  
  96  9:01  Marine  
  96  9:02  Marine  
  100  9:07  Orbital Command  
  101  9:21  Command Center  
  101  9:24  SCV  
  101  9:25  Orbital Command  
  102  9:33  SCV  
  102  9:36  Marine x5  
  108  9:39  Marine  
  109  9:46  SCV x2  
  111  9:56  Refinery, SCV  
  111  9:57  Refinery, Marine x2  
  111  9:58  Marine, SCV x2  
  111  9:59  Marine  
  117  10:00  Marine  
  117  10:01  Marine x2  
  117  10:02  Marine x2  
  123  10:10  Marine  
  123  10:11  Marine  
  115  10:15  Marine x3  
  115  10:17  Marine  
  116  10:23  Orbital Command  
  114  10:29  Marine  
  114  10:30  Marine x4  
  105  10:44  Orbital Command  
  105  10:47  Marine x6  
  111  10:53  Command Center  
  111  10:58  Orbital Command  
  111  11:11  Terran Infantry Weapons Level 3  
  111  11:17  Terran Infantry Armor Level 3  
  111  11:19  SCV  
  111  11:21  SCV  
  113  11:27  SCV  
  113  11:31  SCV  
  115  11:33  SCV  
  115  11:39  Refinery, Marine  
  117  11:40  Marine x5, SCV  
  117  11:41  Marine x2  
  117  11:43  SCV  
  117  11:45  SCV  
  117  11:46  Terran Vehicle Weapons Level 2  
  127  11:53  Missile Turret  
  127  11:55  SCV x2  
  127  11:57  SCV  
  130  12:01  Marine  
  130  12:02  Marine x8  
  130  12:03  Marine  
  140  12:12  Command Center  
  140  12:20  Marine x7  
  140  12:21  Marine x3  
  150  12:23  Marine  
  150  12:29  Supply Depot  
  151  12:30  Supply Depot  
  151  12:35  SCV x3  
  154  12:42  Supply Depot  
  154  12:43  Supply Depot  
  148  12:52  Marine  
  148  12:53  Marine x10  
  148  12:54  SCV  
  148  12:57  SCV  
  101  12:58  SCV  
  76  13:10  Marine  
  76  13:11  Thor  
  76  13:12  Medivac  
  85  13:14  Medivac  
  81  13:22  SCV x2  
  82  13:32  Marine x8  
  82  13:33  Marine  
  86  13:46  Marine x2  
  86  13:50  Marine x5  
  88  13:56  Marine x4  
  91  14:04  Marine x2  
  91  14:07  Marine  
  91  14:08  Marine x4  
  90  14:13  Medivac  
  84  14:19  SCV  
  84  14:20  SCV x2  
  87  14:31  SCV  
  88  14:32  SCV x2  
  90  14:43  SCV  
  90  14:44  Planetary Fortress, SCV x2  
  93  14:52  Marine  
  93  14:53  Marine x4  
  93  14:55  SCV  
  93  14:56  SCV x2  
  101  15:07  Command Center, SCV  
  101  15:08  SCV x2  
  101  15:09  Marine  
  101  15:11  Marine x9  
  101  15:13  Marine  
  115  15:27  Marine  
  107  15:29  Marine, SCV x3  
  83  15:41  SCV x3  
  83  15:42  Marine x2  
  73  15:43  Marine x7  
  78  15:53  SCV x2  
Show
View Real Time Build Order
Export as new Build Order

Guillermo Protoss - Winner!

Build Orders: 1 Gate Expand, Blink Stalkers 

Get SALT Encoding   

  12  0:01  Probe  
  13  0:13  Probe  
  14  0:20  Pylon  
  14  0:25  Probe  
  15  0:38  Probe  
  15  0:41  Gateway  
  16  0:50  Probe  
  17  0:57  Assimilator  
  17  1:02  Probe  
  18  1:14  Probe  
  19  1:26  Probe  
  19  1:30  Cybernetics Core  
  20  1:38  Probe  
  21  1:43  Nexus  
  21  1:49  Pylon  
  21  2:00  Assimilator  
  21  2:02  Probe  
  21  2:05  Adept (Chrono Boost)  
  24  2:09  Warp Gate  
  24  2:14  Probe  
  25  2:27  Stalker  
  27  2:31  Probe  
  28  2:43  Probe  
  29  2:50  Twilight Council  
  29  2:55  Probe  
  29  2:56  Probe  
  29  2:57  Stalker  
  33  3:07  Probe  
  33  3:09  Probe  
  35  3:19  Probe  
  36  3:21  Probe, Gateway x2  
  36  3:25  Pylon  
  37  3:27  Blink (Chrono Boost)  
  37  3:38  Probe  
  37  3:39  Probe  
  39  3:50  Probe  
  39  3:51  Probe  
  39  3:52  Pylon  
  41  4:00  Pylon  
  41  4:02  Probe  
  42  4:03  Probe  
  43  4:14  Probe  
  43  4:15  Probe  
  45  4:26  Probe  
  45  4:27  Probe, Stalker  
  49  4:32  Nexus  
  49  4:35  Pylon  
  49  4:38  Robotics Facility  
  49  4:39  Stalker  
  52  4:45  Probe  
  52  4:48  Stalker  
  54  4:55  Stalker  
  54  4:59  Pylon  
  56  5:08  Forge  
  56  5:09  Forge  
  56  5:11  Charge (Chrono Boost)  
  56  5:12  Gateway  
  56  5:13  Gateway  
  56  5:22  Gateway, Assimilator  
  56  5:25  Assimilator  
  56  5:26  Probe  
  57  5:29  Probe  
  59  5:35  Observer (Chrono Boost)  
  59  5:42  Probe  
  60  5:45  Protoss Ground Weapons Level 1 (Chrono Boost)  
  60  5:48  Observer (Chrono Boost), Protoss Ground Armor Level 1 (Chrono Boost)  
  60  5:49  Probe  
  62  6:01  Stalker  
  64  6:07  Probe, Assimilator  
  65  6:12  Assimilator  
  65  6:17  Stalker x3  
  71  6:23  Pylon  
  71  6:24  Probe  
  72  6:26  Probe x2  
  74  6:36  Probe, Templar Archives  
  76  6:40  Probe  
  76  6:41  Stalker  
  78  6:49  Stalker x3  
  78  6:51  Zealot x2  
  86  7:12  Zealot x3  
  86  7:13  Zealot x3  
  86  7:14  Psionic Storm  
  98  7:19  Warp Prism  
  98  7:20  Probe x3  
  103  7:32  Probe  
  103  7:34  Pylon  
  103  7:35  Pylon  
  105  7:37  Probe  
  105  7:40  Pylon  
  101  7:54  Probe  
  96  8:05  Zealot x6  
  104  8:12  Probe  
  107  8:14  Protoss Ground Weapons Level 2 (Chrono Boost), Protoss Ground Armor Level 2 (Chrono Boost)  
  107  8:35  Nexus  
  107  8:36  Pylon  
  107  8:40  Probe  
  107  8:41  Probe  
  109  8:42  Stalker x3  
  109  8:43  Stalker x3  
  121  8:51  Gateway  
  121  8:54  Gateway x2  
  121  8:56  Gateway  
  121  9:10  Pylon  
  121  9:11  Pylon  
  121  9:16  Shield Battery  
  121  9:18  Photon Cannon x2  
  121  9:19  Photon Cannon x2  
  121  9:25  High Templar x6  
  133  9:46  Zealot  
  135  9:55  Probe x2  
  135  9:57  Probe x2  
  139  10:07  Probe  
  139  10:08  Probe  
  139  10:12  Zealot x6  
  139  10:13  Zealot x4  
  113  10:45  Stalker x4  
  113  10:46  Stalker x4  
  129  10:55  Robotics Facility  
  129  10:57  Probe  
  129  10:59  Robotics Facility  
  129  11:00  Assimilator  
  129  11:02  Robotics Facility, Assimilator  
  130  11:08  Zealot x5  
  130  11:09  Zealot  
  142  11:20  Zealot x2  
  142  11:21  Zealot x2  
  150  11:34  Nexus  
  150  11:37  Pylon  
  150  11:39  Pylon  
  150  11:41  High Templar x4  
  150  11:42  High Templar x6  
  150  11:45  Probe  
  150  11:46  Probe  
  172  11:53  Pylon  
  172  11:55  Probe  
  172  11:58  Shield Battery  
  172  12:00  Pylon  
  173  12:01  Pylon  
  173  12:08  Protoss Ground Weapons Level 3 (Chrono Boost), Protoss Ground Armor Level 3 (Chrono Boost)  
  173  12:27  Robotics Bay  
  115  13:06  Archon  
  115  13:11  Zealot x2  
  115  13:12  Zealot x5  
  129  13:13  Zealot x2  
  127  13:28  Stalker  
  127  13:34  Stalker x4  
  133  13:54  Zealot x2  
  133  13:55  Zealot x4  
  141  14:00  Probe  
  122  14:16  Zealot  
  122  14:17  Zealot x7  
  120  14:22  Disruptor x4  
  144  14:43  Shield Battery  
  142  14:46  Shield Battery  
  142  14:47  Stalker  
  142  14:48  Shield Battery, Stalker x3  
  142  14:49  Zealot x4  
  142  14:50  Shield Battery, Zealot x2  
  142  14:51  Robotics Bay  
  162  14:58  Photon Cannon, Disruptor  
  162  14:59  Photon Cannon  
  165  15:01  Photon Cannon  
  165  15:04  Photon Cannon  
  165  15:19  Assimilator  
  165  15:23  Assimilator  
  155  15:40  Stalker x4  
  155  15:41  Stalker x2  
  163  15:50  High Templar x3  
  163  15:51  High Templar  
Tags
 
Add a new tag
Caveats
  • Supply blocks, unpowered buildings, or Contaminate may cause inaccurate times.
  • Supply counts are checked every 10 seconds.